 Dungeon Crawl Stone Soup version 0.28-a0-683-ga8797d1ae1 (webtiles) character file.

Game seed: 18319567613306771698

44 shoop the Skirmisher (level 3, -1/39 HPs)
             Began as an Ogre Fighter on Oct 19, 2021.
             Slain by a goblin (6 damage)
             ... led by Robin
             ... on level 1 of the Dungeon.
             The game lasted 00:02:16 (1117 turns).

shoop the Skirmisher (Ogre Fighter)                 Turns: 1117, Time: 00:02:17

Health: -1/39      AC:  3    Str: 20    XL:     3   Next: 62%
Magic:  3/3        EV:  8    Int:  9    God:
Gold:   143        SH:  7    Dex:  9    Spells: 2/2 levels left

rFire   . . .      SeeInvis .   a - +0 flail
rCold   . . .      Faith    .   c - +0 kite shield
rNeg    . . .      Spirit   .   b - +0 robe
rPois   .          Reflect  .   (helmet restricted)
rElec   .          Harm     .   (no cloak)
rCorr   .          Rampage  .   (gloves unavailable)
Will    .....                   (boots unavailable)
Stlth   +.........              (no amulet)
HPRegen 0.13/turn               (no ring)
MPRegen 0.08/turn               (no ring)

@: no status effects
A: large, unfitting armour, tough skin 1
a: no special abilities


You were on level 1 of the Dungeon.
You visited 1 branch of the dungeon, and saw 2 of its levels.

You collected 143 gold pieces.

Inventory:

Hand Weapons
 a - a +0 flail (weapon)
Missiles
 e - a throwing net (quivered)
Armour
 b - a +0 robe (worn)
 c - a +0 kite shield (worn)
Scrolls
 f - 2 scrolls of identify {unknown}
 h - a scroll of immolation {unknown}
 j - a scroll of vulnerability {unknown}
 k - a scroll of blinking {unknown}
Potions
 d - a potion of might
 g - a potion of lignification {unknown}
 i - a potion of mutation {unknown}


   Skills:
 - Level 4.1 Fighting
 + Level 3.3 Maces & Flails
 - Level 2.7 Dodging
 - Level 2.7 Shields


You had 2 spell levels left.
You didn't know any spells.
Your spell library contained the following spells:

 Spells                   Type           Power      Damage    Failure   Level
 Freezing Cloud           Conj/Ice/Air   0%         6-21      100%        5
 Simulacrum               Ice/Necr       0%         N/A       100%        6
 Polar Vortex             Ice            0%         N/A       100%        9


Dungeon Overview and Level Annotations

Branches:
Dungeon (2/15)

Altars:

Shops:
D:1 *

Annotations:
D:2 Robin


Innate Abilities, Weirdness & Mutations

You are too large for most types of armour.
You have tough skin. (AC +1)


Message History

You are too injured to fight recklessly!
You are too injured to fight recklessly!
You are too injured to fight recklessly!
You are too injured to fight recklessly!
Unknown command.
The goblin hits you with a +0 club.
Things that are here:
a +0 short sword; a kobold corpse The frilled lizard unfolds its giant frill.
You barely miss the frilled lizard. The frilled lizard closely misses you.
The frilled lizard bites you but does no damage.
You hit the frilled lizard.
You kill the frilled lizard!
Robin roars a battlecry!
The goblins go into a battle-frenzy!
A frilled lizard comes into view.
The frilled lizard hisses angrily.
You hit the frilled lizard.
You kill the frilled lizard!
The goblin no longer looks unusually strong.
The goblin no longer looks unusually strong.
You see here a frilled lizard corpse.
Robin's bangles clink loudly.
You block the goblin's attack.
There is a stone staircase leading up here.
You barely miss the goblin. The goblin hits you with a +0 club.
Robin roars a battlecry!
The goblins go into a battle-frenzy!
The goblin hits you with a +0 club. The goblin hits you but does no damage.
You climb upwards.
There is a stone staircase leading down here.
You are too injured to fight recklessly!
You barely miss the goblin. You block the goblin's attack.
You completely miss the goblin. The goblin hits you with a +0 club. x2
* * * LOW HITPOINT WARNING * * *
You miss the goblin. The goblin hits you with a +0 club.
* * * LOW HITPOINT WARNING * * *
Your shield prevents you from hitting the goblin.
The goblin closely misses you. The goblin hits you with a +0 club.
You die...

..............# #.....
++##..######..# #.####
...#....##..).# ########.#
...#..#.##.#.## ###........#
<..#..#.##.#.# #.....####.#
...#..#.##.#.# ###.#.#.# #.####
''##...∩...#.# #....#..## #.....
.....#####.#.####...###..####.#..
..##.# #.#.>gg@..## ##......#.#
.....# #.######...###..######.#
####.# #.# #....#..## #.#
#.#####.########.#.#.# #.#
#............# #.#.#.# #.#
####.#.#####.# #.#.#.# #.#
#######.#.# #.# #.#.#.# #####.#
........#.# ###.# #.#.#.# #.....#
#########.###...###.#.#.# #.###.#


You could see 2 goblins.

Vanquished Creatures
  2 dart slugs
  3 ball pythons (D:1)
  6 endoplasms
  A goblin (D:2)
  5 hobgoblins
  A quokka (D:2)
  4 bats
  2 frilled lizards (D:2)
  7 kobolds
  7 rats
38 creatures vanquished.

Notes
Turn   | Place    | Note
-------+----------+-------------------------------------------
     0 | D:1      | shoop the Ogre Fighter began the quest for the Orb.
     0 | D:1      | Reached XP level 1. HP: 24/24 MP: 1/1
     3 | D:1      | Found Newu's General Store.
   248 | D:1      | Found a faded altar of an unknown god.
   258 | D:1      | Reached XP level 2. HP: 31/32 MP: 2/2
   599 | D:1      | Reached XP level 3. HP: 39/39 MP: 3/3
  1062 | D:2      | Noticed Robin
  1117 | D:1      | Slain by a goblin

Illustrated notes

Levels and vault maps discovered:
D:1:      dpeg_arrival_windows_large_door, layout_loops_ring, serial_shops,
          shop, shapermc_ecumenical_altar_gd
D:2:      layout_loops_ring, minmay_pentomino_z4, uniq_robin

Skill      XL: |  1  2  3 |
---------------+----------+-----
Maces & Flails | 2 3 |  3.3
Fighting       | |  4.1
Dodging        | |  2.7
Shields        | |  2.7

Action                   || total
-------------------------++-------
Melee: Flail             ||   104
 Stab: Sleeping          ||     3
Armor: Robe              ||    37
Dodge: Dodged            ||    54
Block: Kite shield       ||    55

Table legend: (Time is in decaauts)
 A = Elapsed time spent in this place.
 B = Non-inter-level travel time spent in this place.
 C = Inter-level travel time spent in this place.
 D = Time resting spent in this place.
 E = Time spent auto-exploring this place.
 F = Levels seen in this place.
 G = Mean time per level.
                   A        B        C        D        E       F      G
               +--------+--------+--------+--------+--------+-----+--------+
         Total |   1165 |   1133 |     32 |      0 |    829 |   2 |  582.5 |
       Dungeon |   1165 |   1133 |     32 |      0 |    829 |   2 |  582.5 |
               +--------+--------+--------+--------+--------+-----+--------+

Top non-repeatable levels by time:
     D:1: 853 daAuts
     D:2: 312 daAuts
